 Dungeon Crawl Stone Soup version 0.17-b1-18-g553e9fc (webtiles) character file.

303 Kloppie the Ruffian (level 6, 0/62 HPs)
             Began as a Troll Fighter on Nov 4, 2015.
             Slain by an orc
             ... wielding a +4 flail
              (5 damage)
             ... on level 4 of the Dungeon.
             The game lasted 00:03:41 (1828 turns).

Kloppie the Ruffian (Troll Fighter)                 Turns: 1828, Time: 00:03:42

Health: 0/62       AC:  5    Str: 25    XL:     6   Next: 15%
Magic:  5/5        EV:  8    Int:  4    God:
Gold:   103        SH:  9    Dex: 11    Spells: 0 memorised, 5 levels left

rFire  . . .     SeeInvis .       - Unarmed
rCold  . . .     Clarity  .     a - +0 robe
rNeg   . . .     SustAt   .     b - +0 shield
rPois  .         Gourm    +     (helmet restricted)
rElec  .         Spirit   .     (no cloak)
rCorr  .         Warding  .     (gloves unavailable)
rMut   .         Stasis   .     (boots unavailable)
MR     .....                    (no amulet)
Stlth  +.........               (no ring)
                                (no ring)

@: lethally poisoned (0 -> -11), not resistant to hostile enchantments, very
unstealthy
A: unfitting armour, claws 3, fast metabolism 3, gourmand, regeneration 2,
shaggy fur 1, tough skin 2
a: no special abilities


You were on level 4 of the Dungeon.
You were very full.

You visited 1 branch of the dungeon, and saw 3 of its levels.

You collected 103 gold pieces.

Inventory:

Armour
 a - a +0 robe (worn)
 b - a +0 shield (worn)
Jewellery
 l - a cursed ring of teleportation {unknown}
 n - a +5 ring of evasion {unknown}
Scrolls
 g - 3 scrolls of identify {unknown}
 h - a scroll of fear {unknown}
 m - a scroll of immolation {unknown}
Potions
 c - a potion of might
 e - 2 potions of haste {unknown}
 f - a potion of brilliance {unknown}
 j - a potion of poison {unknown}
 k - a potion of heal wounds {unknown}
 p - a potion of degeneration {unknown}
Comestibles
 d - 3 bread rations
 i - a meat ration
 o - a slice of pizza


   Skills:
 + Level 3.9 Fighting
 - Level 2.4 Dodging
 + Level 3.7 Shields
 + Level 4.1 Unarmed Combat


You had 5 spell levels left.
You didn't know any spells.

Dungeon Overview and Level Annotations

Branches:
Dungeon (4/15)
 Temple: D:4-7

Altars:
Elyvilon
The Shining One


Innate Abilities, Weirdness & Mutations

You are too large for most types of armour.
You have claws for hands.
Your metabolism is lightning-fast.
You like to eat raw meat.
You heal very quickly.
You are covered in fur (AC +1).
You have very tough skin (AC +2).


Message History

You hear some strange, mumbled words.
Something tries to affect you, but you resist.
The orc hits you with an enchanted flail.
* * * LOW HITPOINT WARNING * * *
The orc hits you with a short sword of speed!
* * * LOW HITPOINT WARNING * * *
Items here: )) [ † a dagger; a robe; a morningstar; an orc corpse You closely miss the orc.
* * * LOW HITPOINT WARNING * * *
You feel sick. Something hits you.
* * * LOW HITPOINT WARNING * * *
You are more poisoned.
You block the orc's attack. x2
You scratch the orc.
The orc is heavily wounded.
* * * LOW HITPOINT WARNING * * *
You feel sick. You block its attack. The orc hits you but does no damage.
The orc hits you with an enchanted flail.
You die...

##...##..##....###'###
.#....'..##....##....#
.+....#...#.....#....#
.#'####..##.....#....#
.....##'###.....+....#
.....+..........#....#
#....#...########%...##
#....#...#.....o......#
#....#...#.....{@o....#
+....#...#............#
#....#####............#
#..................$..#
#.....................#
#.........#####.....###
#.††...... #.....#
##'########. #.....#
#..........


You could see 2 orcs.

Vanquished Creatures
  An orc wizard (D:4)
  2 iguanas (D:4)
  3 worker ants (D:4)
  Terence (D:2)
  Robin (D:2)
  5 adders
  2 giant geckos
  An orc (D:4)
  2 ball pythons
  4 giant cockroaches
  11 goblins
  5 hobgoblins
  9 kobolds
  7 bats
  3 giant newts (D:1)
  5 jackals
  A quokka skeleton (D:4)
  7 rats
70 creatures vanquished.

Notes
Turn   | Place    | Note
--------------------------------------------------------------
     0 | D:1      | Kloppie the Troll Fighter began the quest for the Orb.
     0 | D:1      | Reached XP level 1. HP: 22/22 MP: 0/0
   122 | D:1      | Reached XP level 2. HP: 25/29 MP: 1/1
   471 | D:1      | Reached XP level 3. HP: 36/36 MP: 2/2
   763 | D:1      | Found a glowing golden altar of the Shining One.
   836 | D:2      | Found a white marble altar of Elyvilon.
   878 | D:2      | Reached skill level 3 in Fighting
  1157 | D:2      | Noticed Terence
  1163 | D:2      | Killed Terence
  1163 | D:2      | Reached XP level 4. HP: 42/45 MP: 3/3
  1174 | D:2      | Noticed Robin
  1184 | D:2      | Killed Robin
  1393 | D:2      | You fall through a shaft for 2 floors!
  1420 | D:4      | Reached XP level 5. HP: 44/53 MP: 4/4
  1704 | D:4      | Reached skill level 4 in Unarmed Combat
  1810 | D:4      | Reached XP level 6. HP: 62/62 MP: 5/5
  1828 | D:4      | Slain by an orc

Action                   |  1- 3 |  4- 6 || total
-------------------------+-------+-------++-------
Melee: Unarmed           |   119 |   110 ||   229
 Stab: Sleeping          |     3 |       ||     3
  Eat: Chunk             |    15 |     6 ||    21
